 Dungeon Crawl Stone Soup version 0.20-a0-187-ge5586d949a (webtiles) character file.

215 feito the Skirmisher (level 5, 0/42 HPs)
             Began as a Demonspawn Fighter on Nov 23, 2016.
             Was an Initiate of Okawaru.
             Slain by a black bear (4 damage)
             ... created by the rage of Trog
             ... on level 3 of the Dungeon.
             The game lasted 00:13:57 (3333 turns).

feito the Skirmisher (Demonspawn Fighter)           Turns: 3333, Time: 00:13:57

Health: 0/42       AC: 10    Str: 16    XL:     5   Next: 60%
Magic:  4/5        EV:  7    Int:  9    God:    Okawaru [......]
Gold:   202        SH:  9    Dex: 14    Spells: 4/4 levels left

rFire  . . .     SeeInvis .     a - +0 war axe
rCold  . . .     Gourm    +     b - +0 scale mail
rNeg   . . .     Faith    .     c - +0 shield
rPois  .         Spirit   .     w - +2 helmet
rElec  .         Reflect  .     (no cloak)
rCorr  .         Harm     .     (no gloves)
MR     .....                    (no boots)
Stlth  ..........               v - amulet of the gourmand
                                (no ring)
                                u - ring of flight

@: flying
A: rot immunity
a: Renounce Religion, Stop Flying


You were on level 3 of the Dungeon.
You worshipped Okawaru.
Okawaru was noncommittal.
You were completely stuffed.

You visited 1 branch of the dungeon, and saw 3 of its levels.

You collected 202 gold pieces.

Inventory:

Hand Weapons
 a - a +0 war axe (weapon)
Armour
 b - a +0 scale mail (worn)
 c - a +0 shield (worn)
 w - a +2 helmet (worn)
Jewellery
 u - a ring of flight (left hand)
 v - an amulet of the gourmand (around neck)
Scrolls
 e - 5 scrolls of identify {unknown}
 h - 2 scrolls of teleportation {unknown}
 j - 2 scrolls of blinking {unknown}
 k - a scroll of immolation {unknown}
 l - a scroll of enchant weapon {unknown}
 m - a scroll of amnesia {unknown}
 n - a scroll of enchant armour {unknown}
 p - 2 scrolls of remove curse {unknown}
 s - a scroll of recharging {unknown}
Potions
 d - a potion of resistance {unknown}
 i - 3 potions of degeneration {unknown}
 q - 2 potions of curing {unknown}
 r - a potion of cancellation {unknown}
 x - a potion of mutation {unknown}
Comestibles
 f - 6 bread rations
 g - 3 fruits
 o - a meat ration
 t - a beef jerky
 z - 3 chunks of flesh


   Skills:
 * Level 4.1 Fighting
 + Level 3.1 Axes
 + Level 3.3 Armour
 - Level 0.8 Dodging
 + Level 3.7 Shields
 + Level 0.0 Invocations


You had 4 spell levels left.
You didn't know any spells.

Dungeon Overview and Level Annotations

Branches:
Dungeon (3/15)

Altars:
Kikubaaqudgha
Okawaru
Sif Muna
Trog


Innate Abilities, Weirdness & Mutations

You are immune to rotting.


Message History

Trog sends monsters to punish you.
A polar bear and 5 black bears come into view.
The black bear bites you! You block the black bear's attack.
The black bear claws you. You block the black bear's attack.
The black bear claws you.
* * * LOW HITPOINT WARNING * * *
The black bear claws you but does no damage.
The black bear rages.
The black bear bites you.
* * * LOW HITPOINT WARNING * * *
The black bear claws you but does no damage.
You block the black bear's attack.
The black bear rages. x2
You block the black bear's attack. The black bear barely misses you.
You block the black bear's attack.
The black bear rages. x2
You hear an angry growl.
You feel very buoyant.
You fly up into the air.
You feel somewhat less full. The black bear bites you.
You die...

..#.#)#########..............####
<...#)# ####....).............
.####.# #..................... .#
#.# ##.##.....(........... .# #.#
#. #................. .# #.# #..#
#..h.............. #####.#.....
#hh............... ......?..#
#h#####........... ..###.#......
#@# #.>......... .≈≈..≈≈≈≈.≈..
#.# ###......... ..≈.≈.≈.?≈.≈.
#.# #........) .≈≈≈≈≈≈≈≈≈... #.#
#......... .≈≈≈≈≈≈≈≈≈o.. ...
#......... ≈≈≈≈≈≈≈≈≈≈≈.. ...
......... .≈≈≈≈♣.≈≈≈.o. ...
........ .≈≈≈._.≈≈≈≈≈. .....
........ ≈≈≈≈.♣≈≈≈≈≈.. ........


You could see 4 black bears.

Vanquished Creatures
  2 orc wizards (D:3)
  3 gnolls
  3 adders
  5 worms
  2 leopard geckos
  11 orcs (D:3)
  7 giant cockroaches
  6 goblins
  7 hobgoblins
  3 jackals (D:3)
  A ball python (D:1)
  6 bats
  4 frilled lizards
  8 kobolds
  7 rats
75 creatures vanquished.

Notes
Turn   | Place    | Note
-------+----------+-------------------------------------------
     0 | D:1      | feito the Demonspawn Fighter began the quest for the Orb.
     0 | D:1      | Reached XP level 1. HP: 18/18 MP: 1/1
   256 | D:1      | Gained mutation: You are immune to rotting. [demonic ancestry]
   256 | D:1      | Reached XP level 2. HP: 24/24 MP: 2/2
   810 | D:1      | HP: 1/24 [gnoll/flail (4)]
   812 | D:1      | Reached XP level 3. HP: 1/29 MP: 3/3
  1418 | D:2      | Reached XP level 4. HP: 9/35 MP: 4/4
  1635 | D:2      | Found an ancient bone altar of Kikubaaqudgha.
  1635 | D:2      | Found a bloodstained altar of Trog.
  1636 | D:2      | Found a deep blue altar of Sif Muna.
  1661 | D:2      | Became a worshipper of Trog the Wrathful
  1784 | D:2      | Found an iron altar of Okawaru.
  2557 | D:3      | Reached XP level 5. HP: 31/42 MP: 5/5
  2595 | D:3      | Reached * piety under Trog
  2741 | D:3      | Found a faded altar of an unknown god.
  2807 | D:3      | Reached skill level 4 in Fighting
  2964 | D:2      | Fell from the grace of Trog
  2964 | D:2      | Became a worshipper of Warmaster Okawaru
  3327 | D:3      | Noticed a black bear
  3327 | D:3      | Noticed a black bear
  3327 | D:3      | Noticed a black bear
  3327 | D:3      | Noticed a polar bear
  3327 | D:3      | Noticed a black bear
  3327 | D:3      | Noticed a black bear
  3333 | D:3      | Slain by a black bear

Vault maps used:
D:1:      lightli_molten_gateway
D:2:      gammafunk_temple_overflow_forgotten, first_bread, okawaru_trees_1
D:3:      chequers_ecumenical_altar_island

Skill      XL: |  1  2  3  4  5 |
---------------+----------------+-----
Shields        | 3 |  3.7
Axes           | 2 3 |  3.1
Armour         | 3 |  3.3
Fighting       | 4 |  4.1
Dodging        | |  0.8

Action                   |  1- 3 |  4- 6 || total
-------------------------+-------+-------++-------
Melee: War axe           |   109 |   152 ||   261
 Abil: Evoke Flight      |       |     1 ||     1
  Use: Potion            |     1 |       ||     1
  Eat: Chunk             |     2 |    19 ||    21
Armor: Scale mail        |    48 |    84 ||   132
Dodge: Dodged            |    26 |    51 ||    77
Block: Shield            |    59 |    80 ||   139
